 Dungeon Sprint DCSS version 0.30.1-4-g462c640d31 (webtiles) character file.

Game seed: 17452398083920564544

2100000 spardeous the Conqueror (level 15, -12/174 HPs)
             Began as a Demigod Conjurer on Sept 2, 2023.
             Engulfed by a cloud of flame (16 damage)
             ... in the Dungeon (Sprint VIII: "Arena of Blood").
             The game lasted 00:01:31 (21 turns).

spardeous the Conqueror (Demigod Conjurer)            Turns: 21, Time: 00:01:32

Health: -12/174    AC:  3    Str: 24    XL:     15   Next: 2%
Magic:  21/21      EV: 12    Int: 20    God:
Gold:   0          SH:  0    Dex: 16    Spells: 16/17 levels left

rFire   . . .        h - +∞ Axe of Woe
rCold   . . .        (shield currently unavailable)
rNeg    . . .        a - +0 robe
rPois   .            (no helmet)
rElec   .            (no cloak)
rCorr   .            (no gloves)
SInv    .            (no boots)
Will    +....        (no amulet)
Stlth   ++           (no ring)
HPRegen 0.49/turn    (no ring)
MPRegen 0.17/turn

%: no teleportation
@: on berserk cooldown, slowed, very slow
A: high MP 1, forlorn, divine attributes
a: no special abilities


You were in the Dungeon.
You visited 1 branch

Inventory:

Hand Weapons
 h - the +∞ Axe of Woe (weapon)
   (You found it in the Dungeon)
Armour
 a - a +0 robe (worn)
Jewellery
 f - a +200 ring of slaying
Scrolls
 g - a scroll of blinking
Potions
 b - 3 potions of magic
 c - a potion of curing
 d - a potion of heal wounds
 e - a potion of haste


   Skills:
 O Level 27 Fighting
 O Level 27 Axes
 + Level 16.6 Armour
 - Level 1.7 Dodging
 - Level 1.7 Stealth
 - Level 1.7 Spellcasting
 - Level 3.6 Conjurations


You had 16 spell levels left.
You knew the following spells:

 Your Spells              Type           Power      Damage    Failure   Level
a - Magic Dart            Conj           64%        1d6       3%          1

Your spell library contained the following spells:

 Spells                   Type           Power      Damage    Failure   Level
 Searing Ray              Conj           32%        2d5       5%          2
 Dazzling Flash           Conj/Hex       16%        N/A       24%         3
 Fulminant Prism          Conj/Hex       4%         3d5       61%         4
 Iskenderun's Mystic Bla  Conj/Tloc      8%         2d4       61%         4


Dungeon Overview and Level Annotations

Branches:
Dungeon (1/1)


Innate Abilities, Weirdness & Mutations

You have an increased reservoir of magic. (+10% MP)
You shall have no god before yourself.
Your divine heritage dramatically boosts your attributes as you level up.


Message History

MP restored: 21 Search for what [? for help]?
D 2 bags of meat come into view.
You hear a shout! x15
There is a staircase leading out of the dungeon, spattered with blood here.
Things that are here:
a +9 heavy great sword; a +200 ring of slaying
f - a +200 ring of slaying The large bag of meat appears out of thin air!
A large bag of meat comes into view. It is wielding a +9 giant spiked club.
A meat berserker comes into view. It is wielding a +9 battleaxe.
You hear a shout! x3
A bag of meat comes into view. It is wielding a +9 war axe.
You hear a shout! x4
A meat berserker comes into view. It is wielding a +9 battleaxe.
You hear a shout! x4
A meat berserker comes into view. It is wielding a +9 battleaxe.
The meat berserker rages.
You hear a shout!
A destroyer comes into view. It is wielding a +9 heavy great sword.
The meat berserker rages.
The meat berserker hits you with a +9 battleaxe!!!
* * * LOW HITPOINT WARNING * * *
A destroyer comes into view. It is wielding a +9 heavy great sword.
The bag of meat moves out of view.
You hear a shout! x2
You take 58 damage, and have 41/174 hp.
MASSIVE DAMAGE!!
Unknown command.
Okay, then.
You slice the meat berserker!!
You chop the meat berserker into pieces.
You kill the meat berserker!
You slash the large bag of meat!
Flame seeps out of the large bag of meat.
You fatally mangle the large bag of meat.
The large bag of meat explodes!
The fiery explosion engulfs you!!!
* * * LOW HITPOINT WARNING * * *
You are engulfed in blazing flames.
You die...

........o..
......... #.
.....# #.. ....#
.. O###..
...###...
......###)...O...
......)_)........
....#...).#......
. #§§@._# .....
#§○§.o# ....
....§§§.OV.. ...
......###....V...
.###.. ..o###...
#.. ..O# . #..
...# .. .....


You could see 2 destroyers, a large bag of meat (inner flame), 3 meat berserkers
and 2 bags of meat.

Vanquished Creatures
  A vampire knight (D)
  2 ogres (D)
  A two-headed ogre (D)
  8 orcs (D)
12 creatures vanquished.

Notes
Turn   | Place    | Note
-------+----------+-------------------------------------------
     0 | D        | Found the +∞ Axe of Woe
     0 | D        | spardeous the Demigod Conjurer began the quest for the Orb.
     0 | D        | Reached XP level 1. HP: 14/14 MP: 5/5
     1 | D        | Noticed a bag of meat
     3 | D        | Noticed a bag of meat
     3 | D        | Noticed a bag of meat
     4 | D        | Noticed a bag of meat
     5 | D        | Killed a bag of meat
     6 | D        | Reached XP level 2. HP: 61/61 MP: 7/7
     6 | D        | Reached XP level 3. HP: 68/68 MP: 8/8
     6 | D        | Reached XP level 4. HP: 77/77 MP: 9/9
     6 | D        | Reached XP level 5. HP: 84/84 MP: 10/10
     6 | D        | Reached XP level 6. HP: 92/92 MP: 11/11
     6 | D        | Reached XP level 7. HP: 100/100 MP: 12/12
     6 | D        | Reached XP level 8. HP: 108/108 MP: 13/13
     6 | D        | Reached XP level 9. HP: 115/115 MP: 14/14
     6 | D        | Reached XP level 10. HP: 124/124 MP: 15/15
     6 | D        | Killed a bag of meat
     6 | D        | Noticed a bag of meat
     7 | D        | Reached XP level 11. HP: 139/139 MP: 17/17
     7 | D        | Noticed a bag of meat
     9 | D        | Killed a bag of meat
    10 | D        | Reached skill level 27 in Fighting
    10 | D        | Reached XP level 12. HP: 151/151 MP: 18/18
    10 | D        | Noticed a bag of meat
    11 | D        | Killed a bag of meat
    13 | D        | Killed a bag of meat
    13 | D        | Noticed a bag of meat
    14 | D        | Reached XP level 13. HP: 107/159 MP: 19/19
    14 | D        | Killed a bag of meat
    15 | D        | Killed a bag of meat
    15 | D        | Noticed a meat berserker
    16 | D        | Noticed a bag of meat
    17 | D        | Noticed a large bag of meat
    17 | D        | Noticed a destroyer
    17 | D        | Noticed a meat berserker
    18 | D        | Killed a meat berserker
    18 | D        | Killed a bag of meat
    18 | D        | Killed a destroyer
    19 | D        | Reached skill level 27 in Axes
    19 | D        | Reached XP level 14. HP: 95/168 MP: 20/20
    19 | D        | Reached XP level 15. HP: 99/174 MP: 21/21
    20 | D        | Noticed a meat berserker
    20 | D        | Noticed a meat berserker
    20 | D        | Noticed a meat berserker
    20 | D        | Noticed a destroyer
    20 | D        | Noticed a destroyer
    21 | D        | Noticed a large bag of meat
    21 | D        | Killed a meat berserker
    21 | D        | Killed a large bag of meat
    21 | D        | HP: 4/174 [spore (37)]
    21 | D        | Engulfed by a cloud of flame

Illustrated notes

Levels and vault maps discovered:
D:        meatsprint

Skill      XL: |  1  2  3  4  5  6  7  8  9 10 11 12 13 |
---------------+----------------------------------------+-----
Fighting       | 22 26 27 | 27.0
Axes           | 9 18 27 | 27.0
Armour         | 16 | 16.6
Dodging        | |  1.7
Stealth        | |  1.7
Spellcasting   | |  1.7
Conjurations   | |  3.6

Action                     |  1- 3 |  4- 6 |  7- 9 | 10-12 | 13-15 || total
---------------------------+-------+-------+-------+-------+-------++-------
  Melee: Executioner's axe |     1 |       |       |     4 |     4 ||     9
    Use: Potion            |     1 |       |       |       |       ||     1
